 Dungeon Crawl Stone Soup version 0.30-a0-341-g682706514a (webtiles) character file.

Game seed: 8744621135401781129

2568 jlumianski the Chopper (level 9, -14/71 HPs)
             Began as a Demonspawn Fighter on Nov 1, 2022.
             Was a Follower of Qazlal.
             Demolished by a komodo dragon (28 damage)
             ... on level 7 of the Dungeon on Nov 2, 2022.
             The game lasted 00:27:47 (6272 turns).

jlumianski the Chopper (Demonspawn Fighter)         Turns: 6272, Time: 00:27:47

Health: -14/71     AC: 12    Str: 28    XL:     9   Next: 31%
Magic:  11/11      EV: 11    Int: 16    God:    Qazlal [*.....]
Gold:   285        SH:  6    Dex: 13    Spells: 8/8 levels left

rFire   . . .      SeeInvis .    q - +7 flail of Enuragin {flame, *Rage rElec Str+8 Stlth+}
rCold   . . .      Faith    .    c - +0 buckler
rNeg    . . .      Spirit   .    s - +3 ring mail
rPois   .          Reflect  .    (helmet restricted)
rElec   +          Harm     .    (no cloak)
rCorr   .          Rampage  .    (no gloves)
Will    .....      Rage     20%  k - +2 pair of boots
Stlth   ++........               (no amulet)
HPRegen 0.31/turn                m - +6 ring of intelligence
MPRegen 0.12/turn                (no ring)

@: slowed, studying 2 skills, very slow
A: antennae 1, hooves 1, demonic guardian 1, weakness stinger 2
a: Renounce Religion


You were on level 7 of the Dungeon.
You worshipped Qazlal.
Qazlal was aware of your devotion.
You visited 2 branches of the dungeon, and saw 9 of its levels.

You collected 285 gold pieces.

Inventory:

Hand Weapons
 a - a +0 war axe of protection
 d - a +1 flail of protection
 q - the +7 flail of Enuragin (weapon) {flame, *Rage rElec Str+8 Stlth+}
   (You found it on level 6 of the Dungeon)

   It burns those it strikes, dealing additional fire damage.
   Str:       It affects your strength (+8).
   rElec:     It insulates you from electricity.
   *Rage:     It berserks you when you make melee attacks (+20% chance).
   Stlth:     It makes you more stealthy.
 B - the +10 sling of the Clean God {drain, Int+3 Dex+6}
   (You found it on level 7 of the Dungeon)

   A truly terrible weapon, it drains the life of any living foe it strikes.
   Int:       It affects your intelligence (+3).
   Dex:       It affects your dexterity (+6).
Missiles
 g - 2 javelins
 v - 2 boomerangs of dispersal (quivered)
 C - 2 poisoned darts
Armour
 b - a +0 scale mail
 c - a +0 buckler (worn)
 k - a +2 pair of boots (worn)
 s - a +3 ring mail (worn)
 x - a +0 chain mail
Jewellery
 m - a +6 ring of intelligence (left hand)
 n - a +6 ring of dexterity
Wands
 w - a wand of mindburst (13)
Scrolls
 f - 4 scrolls of teleportation
 i - 3 scrolls of immolation
 o - a scroll of brand weapon
 r - a scroll of fog {unknown}
 u - a scroll of summoning {unknown}
 y - 2 scrolls of enchant armour {unknown}
 A - a scroll of enchant weapon {unknown}
Potions
 e - 4 potions of curing
 h - a potion of flight
 j - a potion of invisibility
 l - 2 potions of brilliance
 p - a potion of attraction
 t - a potion of ambrosia
 z - a potion of might


   Skills:
 * Level 6.4 Fighting
 + Level 6.7(6.9) Axes
 + Level 1.4(4.5) Maces & Flails
 + Level 5.1 Armour
 + Level 2.8 Dodging
 - Level 0.1 Stealth
 + Level 3.9 Shields
 * Level 3.8 Invocations
 * Level 6.1 Evocations


You had 8 spell levels left.
You didn't know any spells.
Your spell library contained the following spells:

 Spells                   Type           Power      Damage    Failure   Level
 Apportation              Tloc           0%         N/A       43%         1
 Freeze                   Ice            0%         1d3       43%         1
 Necrotise                Necr           0%         1d4       43%         1
 Summon Small Mammal      Summ           0%         N/A       43%         1
 Scorch                   Fire           0%         2d5       56%         2
 Frozen Ramparts          Ice            0%         1d1       80%         3
 Gell's Gravitas          Tloc           0%         N/A       80%         3
 Hailstorm                Conj/Ice       0%         3d3       80%         3
 Ignite Poison            Fire/Tmut/Pois 0%         N/A       80%         3
 Kindle Blastsparks       Fire/Tloc/Air  0%         2d10      80%         3
 Teleport Other           Tloc           0%         N/A       80%         3
 Vhi's Electric Charge    Tloc/Air       0%         N/A       80%         3
 Flame Wave               Conj/Fire      0%         2d4       99%         4
 Fulminant Prism          Conj/Hex       0%         3d5       99%         4
 Iskenderun's Mystic Bla  Conj/Tloc      0%         2d3       99%         4
 Arcjolt                  Conj/Air       0%         1d10      100%        5
 Freezing Cloud           Conj/Ice/Air   0%         6-21      100%        5
 Lee's Rapid Deconstruct  Erth           0%         3d4*      100%        5
 Dispersal                Tloc           0%         N/A       100%        6
 Summon Cactus Giant      Summ           0%         N/A       100%        6
 Maxwell's Capacitive Co  Air            0%         ∞         100%        8


Dungeon Overview and Level Annotations

Branches:
Dungeon (8/15)             Temple (1/1) D:5
   Lair: D:8-11

Altars:
Ashenzari
Cheibriados
Dithmenos
Fedhas
Hepliaklqana
Makhleb
Nemelex Xobeh
Qazlal
Ru
Sif Muna
Uskayaw
Wu Jian
Xom
Yredelemnul

Annotations:
D:4 Sigmund
Temple 2 transporters


Innate Abilities, Weirdness & Mutations

You have a pair of small antennae on your head.
You have large cloven feet.
A weak demonic guardian rushes to your aid.
You have a tail ending in a sharp stinger.


Message History

The basilisk is moderately wounded.
The wraith barely misses you. You block the basilisk's attack.
You thump the basilisk! You burn the basilisk.
The basilisk is heavily wounded.
The wraith hits you! The basilisk gazes at you. You resist with some effort.
You bludgeon the basilisk!! You burn the basilisk.
You kill the basilisk!
Qazlal accepts your kill.
A komodo dragon comes into view.
The wraith barely misses you. The wraith hits you.
You closely miss the wraith. You block the wraith's attack.
You thump the wraith! You burn the wraith.
Your tail-slap misses the wraith.
The wraith is heavily damaged.
The komodo dragon bites you!! The wraith hits you.
A demonic guardian appears!
The wraith drains your vigour!
You feel yourself slow down.
You hit the wraith. You burn the wraith.
The wraith is severely damaged.
Your ufetubus hits the wraith but does no damage.
Your ufetubus closely misses the wraith.
The komodo dragon bites you!!
* * * LOW HITPOINT WARNING * * *
The wraith barely misses you.
Your ufetubus hits the wraith but does no damage.
Your ufetubus misses the wraith. You block the komodo dragon's attack.
The wraith hits you but does no damage.
Your ufetubus hits the wraith but does no damage.
Your ufetubus misses the wraith.
Your ufetubus hits the wraith but does no damage. x2
The wraith attacks as you move away! The wraith hits you but does no damage.
Something hits your ufetubus.
Something drains your ufetubus's vigour!
Your ufetubus seems to slow down.
The komodo dragon closely misses you.
Your ufetubus barely misses the komodo dragon.
Your ufetubus completely misses the komodo dragon.
The komodo dragon attacks as you move away!
The komodo dragon bites you!!
You die...

##.................
###..................
#.................#..
#...................
#..................
#...<.†............
###................#
#.................##
#..@................
##l#####....###.....
#.5{# {#....# #....
#...# #.....# #....
#†..# #....#. ...#.
..###.. #### ...##
#.. ..# ..... ### ###
..... .....


You could see a komodo dragon and a friendly ufetubus (summoned, slow).

Vanquished Creatures
  A troll (D:5)
  Eustachio (D:4)
  A basilisk (D:7)
  A water moccasin (D:5)
  2 ice beasts
  A sky beast (D:7)
  3 black bears
  3 ogres (D:6)
  A phantom (D:5)
  2 bullfrogs
  2 necrophages
  4 scorpions
  A jelly (D:7)
  2 hounds (D:5)
  Jessica (D:3)
  4 iguanas
  6 orc wizards
  6 adders
  8 gnolls
  An ufetubus (D:4)
  4 dart slugs
  10 orcs
  5 bats
  2 endoplasms
  3 giant cockroaches (D:1)
  3 goblins
  7 hobgoblins
  6 jackals
  3 quokkas
  3 ball pythons
  2 frilled lizards
  8 kobolds
  8 rats
115 creatures vanquished.

Vanquished Creatures (collateral kills)
  An orc wizard (D:6)
  An orc (D:5)
2 creatures vanquished.

Grand Total: 117 creatures vanquished

Notes
Turn   | Place    | Note
-------+----------+-------------------------------------------
     0 | D:1      | jlumianski the Demonspawn Fighter began the quest for the
                  | Orb.
     0 | D:1      | Reached XP level 1. HP: 18/18 MP: 1/1
   166 | D:1      | Discovered your monstrous ancestry.
   166 | D:1      | Gained mutation: You have large cloven feet. [demonic
                  | ancestry]
   166 | D:1      | Reached XP level 2. HP: 24/24 MP: 2/2
   741 | D:1      | Reached XP level 3. HP: 29/29 MP: 3/3
  1092 | D:4      | Noticed Sigmund
  1226 | D:3      | Noticed Jessica
  1232 | D:3      | Killed Jessica
  1524 | D:2      | Reached XP level 4. HP: 35/35 MP: 4/4
  1690 | D:2      | You fall into a shaft and drop 2 floors!
  1974 | D:3      | Noticed a black bear
  1991 | D:3      | Killed a black bear
  1992 | D:3      | Gained mutation: A weak demonic guardian rushes to your
                  | aid. [demonic ancestry]
  1992 | D:3      | Reached XP level 5. HP: 34/42 MP: 5/5
  2186 | D:5      | Entered Level 5 of the Dungeon
  2232 | D:3      | Reached skill level 1 in Dodging
  2735 | D:3      | Found a faded altar of an unknown god.
  2747 | D:3      | Identified a scroll of acquirement
  2747 | D:3      | Acquired a manual of Evocations
  2897 | D:5      | Reached XP level 6. HP: 48/48 MP: 6/6
  3015 | D:4      | Reached skill level 1 in Evocations
  3097 | D:4      | Noticed Eustachio
  3117 | D:4      | Killed Eustachio
  3725 | D:5      | Gained mutation: You have a pair of small antennae on your
                  | head. [demonic ancestry]
  3725 | D:5      | Reached XP level 7. HP: 51/54 MP: 7/7
  4132 | D:5      | Reached skill level 5 in Axes
  4162 | D:6      | Noticed a troll
  4180 | D:5      | Killed a troll
  4181 | D:5      | Reached skill level 5 in Fighting
  4181 | D:5      | Gained mutation: You have a small tail. [demonic ancestry]
  4181 | D:5      | Reached XP level 8. HP: 37/62 MP: 8/8
  4894 | D:5      | Found a staircase to the Ecumenical Temple.
  4900 | Temple   | Entered the Ecumenical Temple
  4900 | Temple   | Found a transporter.
  4900 | Temple   | Found a transporter.
  4902 | Temple   | Found a transporter.
  4902 | Temple   | Found a transporter.
  4921 | Temple   | Became a worshipper of Qazlal Stormbringer
  5041 | D:6      | Reached skill level 1 in Invocations
  5305 | D:7      | Reached skill level 5 in Evocations
  5413 | D:7      | Reached skill level 5 in Armour
  5624 | D:6      | Identified the +7 flail of Enuragin {flame, *Rage rElec
                  | Str+8 Stlth+}
  5796 | D:6      | Gained mutation: You have a tail ending in a sharp stinger.
                  | [demonic ancestry]
  5796 | D:6      | Reached XP level 9. HP: 69/69 MP: 11/11
  5922 | D:6      | Reached * piety under Qazlal
  6007 | D:6      | Acquired a manual of Shields
  6212 | D:7      | Identified the +10 sling of the Clean God {drain, Int+3
                  | Dex+6}
  6251 | D:7      | Reached skill level 1 in Maces & Flails
  6265 | D:7      | Noticed a komodo dragon
  6272 | D:7      | Demolished by a komodo dragon

Illustrated notes

Levels and vault maps discovered:
D:1:      saegor_arrival_simple_a, layout_loops_ring
D:2:      layout_basic
D:3:      layout_basic, shapermc_ecumenical_altar_hornbeckon, st_stairs_3,
          supply_closet_lemuel, uniq_jessica
D:4:      layout_gridville, chequers_serial_rivers_micro_e, uniq_eustachio,
          uniq_sigmund
D:5:      layout_loops_ring, minmay_temple_entry_fiery,
          eino_small_chamber_without_monster, kennysheep_cross_room,
          chequers_serial_rivers_large_b
D:6:      layout_loops_cross, minmay_a_box_with_orc_wizards_in_it
D:7:      minmay_blocky_corners, layout_cave_pools,
          nicolae_shop_sticking_my_neck_out
D:8:      layout_loops_ring, minivault_5
Temple:   hellmonk_temple_divided_pantheon

Skill      XL: |  1  2  3  4  5  6  7  8  9 |
---------------+----------------------------+-----
Armour         | 3 4 5 |  5.1
Axes           | 2 3 4 5 6 |  6.7
Shields        | 3 |  3.9
Dodging        | 1 2 |  2.8
Fighting       | 4 5 6 |  6.4
Evocations     | 2 4 5 6 |  6.1
Invocations    | 2 3 |  3.8
Maces & Flails | 1 |  1.4
Stealth        | |  0.1

Action                   |  1- 3 |  4- 6 |  7- 9 || total
-------------------------+-------+-------+-------++-------
Melee: War axe           |    82 |   115 |   191 ||   388
       Kick              |    12 |    24 |       ||    36
       Tailslap          |       |       |    28 ||    28
       Flail             |       |       |    42 ||    42
Evoke: Wand              |       |       |     2 ||     2
  Use: Potion            |     1 |       |     3 ||     4
       Scroll            |       |     8 |     8 ||    16
Armor: Scale mail        |    50 |     5 |       ||    55
       Ring mail         |       |    97 |   131 ||   228
Dodge: Dodged            |    39 |    78 |   122 ||   239
Block: Buckler           |    23 |    46 |    51 ||   120

Table legend: (Time is in decaauts)
 A = Elapsed time spent in this place.
 B = Non-inter-level travel time spent in this place.
 C = Inter-level travel time spent in this place.
 D = Time resting spent in this place.
 E = Time spent auto-exploring this place.
 F = Levels seen in this place.
 G = Mean time per level.
                   A        B        C        D        E       F      G
               +--------+--------+--------+--------+--------+-----+--------+
         Total |   6483 |   6277 |    206 |    323 |   3654 |   9 |  720.3 |
       Dungeon |   6445 |   6239 |    206 |    323 |   3654 |   8 |  805.6 |
        Temple |     38 |     38 |      0 |      0 |      0 |   1 |   38.0 |
               +--------+--------+--------+--------+--------+-----+--------+

Top non-repeatable levels by time:
     D:3: 1337 daAuts
     D:5: 1319 daAuts
     D:4: 1000 daAuts
     D:6: 857 daAuts
     D:1: 838 daAuts
     D:2: 569 daAuts
     D:7: 521 daAuts
  Temple: 38 daAuts
     D:8: 2 daAuts
